 Dungeon Crawl Stone Soup version 0.27.0-1-g7a08968 (webtiles) character file.

Game seed: 4455824750360943575

93 Host24 the Bolt Thrower (level 4, -3/29 HPs)
             Began as a Kobold Hunter on Jan 25, 2022.
             Slain by Sigmund (8 damage)
             ... on level 2 of the Dungeon.
             The game lasted 00:10:00 (2876 turns).

Host24 the Bolt Thrower (Kobold Hunter)             Turns: 2876, Time: 00:10:01

Health: -3/29      AC:  3    Str: 10    XL:     4   Next: 91%
Magic:  4/4        EV: 14    Int: 12    God:
Gold:   42         SH:  0    Dex: 15    Spells: 3/3 levels left

rFire    . . .     SeeInvis .   a - +1 hand crossbow
rCold    . . .     Faith    .   (shield restricted)
rNeg     . . .     Spirit   .   c - +0 leather armour
rPois    .         Reflect  .   (no helmet)
rElec    .         Harm     .   (no cloak)
rCorr    .         Rampage  .   (no gloves)
Will     .....                  (no boots)
Stlth    ++........             (no amulet)
HPRegen  0.09/turn              (no ring)
MPRegen  0.09/turn              (no ring)

@: confused
A: small, no large weapons, nightstalker 3
a: no special abilities


You were on level 2 of the Dungeon.
You visited 1 branch of the dungeon, and saw 2 of its levels.

You collected 42 gold pieces.

Inventory:

Hand Weapons
 a - a +1 hand crossbow (weapon)
 b - a +0 short sword
Missiles
 d - 6 bolts (quivered ammo)
 h - 14 poisoned darts
Armour
 c - a +0 leather armour (worn)
 f - a +0 buckler
 i - a +0 plate armour
Scrolls
 e - a scroll of fear {unknown}
 g - 3 scrolls of identify {unknown}
 k - a scroll of magic mapping {unknown}


   Skills:
 + Level 3.9 Fighting
 - Level 6.0 Crossbows
 - Level 2.4 Dodging
 - Level 1.3 Stealth


You had 3 spell levels left.
You didn't know any spells.
Your spell library contained the following spells:

 Spells                   Type           Power      Damage    Failure   Level
 Animate Skeleton         Necr           0%         N/A       41%         1
 Apportation              Tloc           0%         N/A       41%         1
 Corona                   Hex            0%         N/A       41%         1
 Summon Small Mammal      Summ           0%         N/A       41%         1


Dungeon Overview and Level Annotations

Branches:
Dungeon (2/15)

Altars:
The Shining One

Shops:
D:2 (!**

Annotations:
D:2 Sigmund


Innate Abilities, Weirdness & Mutations

You are small and have problems with some larger weapons.
You are completely attuned to the shadows.


Message History

You shoot a bolt. The bolt closely misses Sigmund.
Sigmund misses you.
Fire: 8 bolts
Press: ? - help, Q - select action, (/) - cycle Shift-Dir - straight line, f/p - Sigmund
Aim: Sigmund, wielding a +0 scythe and wearing a +0 robe (severely wounded, unusually resistant, 64% to hit)
You shoot a bolt. The bolt barely misses Sigmund.
Sigmund misses you.
Fire: 7 bolts
Press: ? - help, Q - select action, (/) - cycle Shift-Dir - straight line, f/p - Sigmund
Aim: Sigmund, wielding a +0 scythe and wearing a +0 robe (severely wounded, unusually resistant, 64% to hit)
You shoot a bolt. The bolt completely misses Sigmund.
Sigmund gestures at you while chanting.
You are confused.
Non-targeted confused fire: 6 bolts
Press: ? - help, Q - select action, (/) - cycle Dir - look around, f - activate Look: Sigmund, wielding a +0 scythe and wearing a +0 robe (severely wounded, unusually resistant, 50% to hit)
Okay, then.
You're too confused to move!
Sigmund closely misses you.
Sigmund gestures wildly while chanting.
Sigmund flickers and vanishes!
Deactivating autopickup; reactivate with Ctrl-A.
You're too confused to move!
Something hits you.
You feel less confused. Something barely misses you.
You hear some strange, mumbled words.
A puff of flame appears from out of thin air!
The puff of flame hits you!
You hear some strange, mumbled words.
You are confused.
Something hits you but does no damage. Something hits you!
You hear some strange, mumbled words.
A puff of flame appears from out of thin air!
The puff of flame hits you.
* * * LOW HITPOINT WARNING * * *
You are too confused!
Unknown command.
You are too confused!
Something hits you!
You die...

####..∩..#..........##.###
#.....#..........# .#
#.....#..........#
#.....#..........# #.(...
#.....#..........#
###.....
#.....#..........#
#...(...
####.....#########.##
#.......
†................#'###
#.......
###########.....@....#
#....... ....<..#
#..........#+###.......
####.#.#
#.......{............†.
.....#.#
#......................
######.#
#...................... #
#.#
#............########.. #
#.# #............# ## #
#.# #............# # #.#
######'####..#


There were no monsters in sight!

Vanquished Creatures
  4 adders (D:2)
  2 worms
  A dart slug (D:2)
  6 ball pythons
  4 bats
  3 endoplasms
  A giant cockroach (D:2)
  3 goblins
  6 hobgoblins
  7 jackals (D:1)
  4 kobolds
  A quokka (D:1)
  4 rats (D:1)
46 creatures vanquished.

Notes
Turn   | Place    | Note
-------+----------+-------------------------------------------
     0 | D:1      | Host24 the Kobold Hunter began the quest for the Orb.
     0 | D:1      | Reached XP level 1. HP: 12/12 MP: 1/1
   151 | D:1      | Reached skill level 5 in Crossbows
   230 | D:1      | Reached XP level 2. HP: 14/17 MP: 2/2
   806 | D:1      | Found a faded altar of an unknown god.
   880 | D:1      | Reached XP level 3. HP: 16/21 MP: 3/3
  1337 | D:1      | Reached skill level 6 in Crossbows
  2008 | D:2      | Reached XP level 4. HP: 22/27 MP: 4/4
  2086 | D:2      | Found Vomast's General Store.
  2367 | D:2      | Found Fukkayt's General Store.
  2440 | D:2      | Found Bemausor's Distillery.
  2453 | D:2      | Found Ehiom's Antique Weapon Shoppe.
  2792 | D:2      | Found a glowing golden altar of the Shining One.
  2843 | D:2      | Noticed Sigmund
  2876 | D:2      | Slain by Sigmund

Illustrated notes

Levels and vault maps discovered:
D:1:      dpeg_arrival_tiny_k, layout_basic, basic_ecumenical_altar,
          chequers_avenue
D:2:      layout_basic, serial_shops, shop, shop, shop, nicolae_shop_waterfront,
          nicolae_shop_behind_doors, basic_altar, uniq_sigmund

Skill      XL: |  1  2  3  4 |
---------------+-------------+-----
Crossbows      | 5 6 |  6.0
Fighting       | 3 |  3.9
Dodging        | |  2.4
Stealth        | |  1.3

Action                   |  1- 3 |  4- 6 || total
-------------------------+-------+-------++-------
Melee: Short sword       |    67 |    37 ||   104
 Fire: Hand crossbow     |    28 |    24 ||    52
  Use: Potion            |       |     1 ||     1
 Stab: Sleeping          |     6 |     3 ||     9
Armor: Leather armour    |    18 |     7 ||    25
Dodge: Dodged            |    77 |    39 ||   116
